 Dungeon Crawl Stone Soup version 0.30.0-18-gc0e69614cb (webtiles) character file.

Game seed: 9077510704284223822

137 Josd the Trooper (level 5, -2/47 HPs)
             Began as a Minotaur Fighter on May 24, 2023.
             Was an Initiate of Uskayaw.
             Slain by Terence
             ... wielding a +0 flail
              (9 damage)
             ... on level 3 of the Dungeon.
             The game lasted 00:13:24 (1532 turns).

Josd the Trooper (Minotaur Fighter)                 Turns: 1532, Time: 00:13:24

Health: -2/47      AC: 13    Str: 22    XL:     5   Next: 0%
Magic:  1/4        EV:  6    Int:  5    God:    Uskayaw [......]
Gold:   37         SH:  4    Dex: 10    Spells: 4/4 levels left

rFire   x . .        a - +0 war axe
rCold   + . .        c - +0 buckler
rNeg    . . .        l - +0 plate armour
rPois   .            (helmet restricted)
rElec   .            f - +0 cloak
rCorr   .            (no gloves)
SInv    .            (no boots)
Will    .....        (no amulet) Stlth
                     v - ring of ice
HPRegen 0.27/turn    (no ring)
MPRegen 0.09/turn

%: no passive effects
@: no status effects
A: horns 2, retaliatory headbutt
a: Renounce Religion


You were on level 3 of the Dungeon.
You worshipped Uskayaw.
Uskayaw was noncommittal.
You visited 1 branch of the dungeon, and saw 3 of its levels.

You collected 37 gold pieces.

Inventory:

Hand Weapons
 a - a +0 war axe (weapon)
Missiles
 p - 4 atropa-tipped darts (quivered)
 q - 4 poisoned darts
Armour
 b - a +0 scale mail
 c - a +0 buckler (worn)
 f - a +0 cloak (worn)
 l - a +0 plate armour (worn)
Magical Staves
 h - a staff of conjuration
Jewellery
 v - a ring of ice (left hand)
Wands
 u - a wand of charming (10)
Scrolls
 i - a scroll of vulnerability {unknown}
 j - a scroll of fear {unknown}
 k - 2 scrolls of identify {unknown}
 n - a scroll of enchant armour {unknown}
 r - a scroll of teleportation {unknown}
 t - a scroll of amnesia {unknown}
Potions
 e - a potion of flight {unknown}
 m - a potion of heal wounds {unknown}
 o - a potion of attraction
 s - a potion of brilliance {unknown}


   Skills:
 + Level 4.9 Fighting
 + Level 3.9 Axes
 + Level 4.8 Armour
 + Level 4.1 Shields


You had 4 spell levels left.
You didn't know any spells.
Your spell library contained the following spells:

 Spells                   Type           Power      Damage    Failure   Level
 Call Canine Familiar     Summ           0%         N/A       100%        3
 Ozocubu's Armour         Ice            0%         N/A       100%        3
 Portal Projectile        Hex/Tloc       0%         N/A       100%        3
 Leda's Liquefaction      Hex/Erth       0%         N/A       100%        4
 Ozocubu's Refrigeration  Ice            0%         4d7       100%        7


Dungeon Overview and Level Annotations

Branches:
Dungeon (3/15)

Altars:
Uskayaw

Annotations:
D:3 Terence


Innate Abilities, Weirdness & Mutations

You have a pair of horns on your head.
You reflexively headbutt those who attack you in melee.


Message History

The gnoll hits you from afar with a +0 halberd.
You slash the orc!
You kill the orc!
You slash the orc!
You kill the orc!
The gnoll hits you but does no damage.
Uskayaw will force your foes to helplessly watch your dance.
Uskayaw prepares the audience for your solo!
Terence the Incautious comes into view.
He is wielding a +0 flail and carrying a wand of flame (16).
Terence shouts!
The gnoll is no longer paralysed.
The gnoll barely misses you.
Items here: ))) ? [ ††.
You slash the gnoll!
You kill the gnoll!
You have reached level 5!
Terence zaps a wand.
The puff of flame hits you! The fire burns you terribly!
* * * LOW HITPOINT WARNING * * *
You can no longer pass through a line of other dancers.
Terence zaps a wand.
The puff of flame hits you.
* * * LOW HITPOINT WARNING * * *
There is an escape hatch in the floor here.
Terence zaps a wand.
The puff of flame misses you.
You stomp with the beat, sending a shockwave through the revellers around you!
You can no longer stomp with the beat.
You barely miss Terence.
You feel a little less mighty now.
Terence zaps a wand.
The puff of flame hits you but does no damage.
Terence zaps a wand.
The puff of flame hits you! The fire burns you terribly!
* * * LOW HITPOINT WARNING * * *
You can't go down here!
Aiming: Charm
Press: ? - help, Shift-Dir - straight line, f - Terence
Aim: Terence, wielding a +0 flail, wearing a +0 scale mail and carrying a wand of flame (11) (chance to affect: 57%)
Okay, then.
Terence hits you but does no damage. Terence barely misses you.
Terence says, "Rest in peace."
Terence hits you with a +0 flail!
You die...

#.###......##†.....##
#.# #................
#.###.......#......##
#..##..............##
#...#......##........
#...#<.....##........
##..##########@.##...
#..@..#####...##....
##.@..>...#.###.....
####.###........#.#
#.#......#####.#
####...##...# ..#
#.........#... ...$
#.........#........
#.........#......
#.........#......
#.........#......


You could see Terence.

Vanquished Creatures
  Ijyb (D:3)
  4 gnolls
  2 adders
  2 dart slugs (D:2)
  5 orcs (D:3)
  4 bats
  2 endoplasms (D:1)
  7 goblins
  2 hobgoblins
  2 jackals (D:1)
  5 kobolds
  4 quokkas
  5 ball pythons
  3 rats
48 creatures vanquished.

Notes
Turn   | Place    | Note
-------+----------+-------------------------------------------
     0 | D:1      | Josd the Minotaur Fighter began the quest for the Orb.
     0 | D:1      | Reached XP level 1. HP: 19/19 MP: 0/0
   403 | D:1      | Reached XP level 2. HP: 22/27 MP: 1/1
   677 | D:1      | You fall into a shaft and drop 1 floor!
   746 | D:2      | Reached XP level 3. HP: 26/33 MP: 2/2
  1197 | D:2      | Found a faded altar of an unknown god.
  1201 | D:2      | Prayed at the altar of an unknown god.
  1201 | D:2      | Became a worshipper of Uskayaw the Reveller
  1201 | D:2      | Reached * piety under Uskayaw
  1309 | D:3      | Reached ** piety under Uskayaw
  1407 | D:3      | Noticed Ijyb
  1425 | D:3      | Killed Ijyb
  1426 | D:3      | Reached XP level 4. HP: 35/41 MP: 3/3
  1494 | D:3      | Reached *** piety under Uskayaw
  1495 | D:3      | Noticed Terence
  1497 | D:3      | Reached XP level 5. HP: 18/47 MP: 0/4
  1532 | D:3      | Slain by Terence

Illustrated notes

Levels and vault maps discovered:
D:1:      psy_arrival_radial02, layout_loops_ring, serial_bayou_pond_d
D:2:      layout_basic, basic_ecumenical_altar, minmay_indecisive_spiral
D:3:      layout_rooms, uniq_ijyb, uniq_terence

Skill      XL: |  1  2  3 |
---------------+----------+-----
Armour         | 4 |  4.8
Fighting       | 4 |  4.9
Axes           | 3 |  3.9
Shields        | 4 |  4.1

Action                     |  1- 3 |  4- 6 || total
---------------------------+-------+-------++-------
  Melee: War axe           |    79 |    18 ||    97
         Headbutt          |    12 |       ||    12
  Throw: Dart              |     2 |       ||     2
 Invoke: Stomp             |       |     3 ||     3
    Use: Potion            |     2 |     3 ||     5
 Armour: Scale mail        |    14 |       ||    14
         Plate armour      |    59 |    16 ||    75
  Dodge: Dodged            |    28 |    19 ||    47
  Block: Buckler           |     9 |     9 ||    18
